 Dungeon Crawl Stone Soup version 0.17-a0-1635-gd4e48f1 (console) character file.

167 Monkaria the Conjurer (level 5, -1/28 HPs)
             Began as a Deep Elf Conjurer on Aug 5, 2015.
             Slain by a gnoll
             ... wielding a +0 flail
              (3 damage)
             ... on level 3 of the Dungeon.
             The game lasted 00:03:20 (1870 turns).

Monkaria the Conjurer (Deep Elf Conjurer)           Turns: 1870, Time: 00:03:20

Health: -1/28      AC:  3    Str:  5    XL:     5   Next: 23%
Magic:  0/11       EV: 13    Int: 21    God:
Gold:   71         SH:  0    Dex: 15    Spells: 2 memorised, 7 levels left

rFire  . . .     SeeInvis .     (no weapon)
rCold  . . .     Clarity  .     a - +0 robe
rNeg   . . .     SustAt   .     (no shield)
rPois  .         Gourm    .     (no helmet)
rElec  .         Spirit   .     (no cloak)
rCorr  .         Warding  .     l - +0 pair of gloves
rMut   .         Stasis   .     (no boots)
MR     .....                    (no amulet)
Stlth  +.........               (no ring)
                                (no ring)

@: glowing, not resistant to hostile enchantments, very unstealthy
A: no striking features
a: no special abilities


You were on level 3 of the Dungeon.
You were not hungry.

You visited 1 branch of the dungeon, and saw 3 of its levels.

You collected 71 gold pieces.

Inventory:

Hand weapons
 n - a +1 dagger of speed
Armour
 a - a +0 robe (worn)
 l - a +0 pair of gloves (worn)
Scrolls
 d - a scroll of noise {unknown}
 i - 2 scrolls of remove curse {unknown}
 j - a scroll of recharging {unknown}
Potions
 e - 2 potions of haste {unknown}
 f - a potion of curing
 g - 2 potions of agility {unknown}
 h - 2 potions of degeneration {unknown}
Books
 b - a book of Conjurations

   Spells                             Type                      Level
   a - Magic Dart                     Conjuration                  1
   b - Searing Ray                    Conjuration                  2
   c - Dazzling Spray                 Conjuration/Hexes            3
   d - Fulminant Prism                Conjuration/Hexes            4
   e - Iskenderun's Mystic Blast      Conjuration                  4
   f - Iskenderun's Battlesphere      Conjuration/Charms           5
Comestibles
 c - 2 bread rations
 k - 2 meat rations
 m - 4 chunks of flesh


   Skills:
 - Level 2.4 Dodging
 - Level 2.4 Stealth
 - Level 3.0 Spellcasting
 + Level 7.2 Conjurations


You had 7 spell levels left.
You knew the following spells:

 Your Spells              Type           Power        Failure   Level  Hunger
a - Magic Dart            Conj           ####         1%          1    None
b - Searing Ray           Conj           ####..       1%          2    ##.....


Dungeon Overview and Level Annotations

Branches:
Dungeon (3/15)

Altars:
Qazlal


Message History

The gnoll's wounds heal themselves!
Casting: Magic Dart
Confirm with . or Enter, or press ? or * to list all spells.
Aiming: Magic Dart
Press: ? - help, Shift-Dir - straight line, f/p - gnoll shaman
Aim: a gnoll shaman, wielding a whip of freezing and wearing a robe (severely wounded)
The magic dart hits the gnoll shaman.
You kill the gnoll shaman!
The gnoll misses you. The gnoll misses you. The gnoll closely misses you.
The gnoll hits you with a flail.
* * * LOW HITPOINT WARNING * * *
Casting: Magic Dart
Confirm with . or Enter, or press ? or * to list all spells.
Aiming: Magic Dart
Press: ? - help, Shift-Dir - straight line, f - gnoll
Aim: a gnoll, wielding a flail (fast)
The magic dart hits the gnoll.
The gnoll hits you with a flail.
You die...

#.# #.# ###### #)#
#..... #)# #...<.
#.# ######..... #.#
#....'..... #.#
#.####.....
#.###############.#
#.....
#........g@.......#
#.####
#################.#
#.#### #.# #.....
### ###### # # # #
#


You could see a gnoll.

Vanquished Creatures
  An orc wizard (D:3)
  A gnoll shaman (D:3)
  An adder (D:2)
  4 gnolls (D:3)
  2 oozes (D:2)
  3 giant geckos (D:1)
  4 orcs
  3 giant cockroaches
  8 goblins
  5 hobgoblins
  9 kobolds
  6 bats
  6 giant newts
  6 rats
59 creatures vanquished.

Notes
Turn   | Place    | Note
--------------------------------------------------------------
     0 | D:1      | Monkaria the Deep Elf Conjurer began the quest for the Orb.
     0 | D:1      | Reached XP level 1. HP: 10/10 MP: 6/6
   196 | D:1      | Reached XP level 2. HP: 15/15 MP: 4/8
   238 | D:1      | Reached skill level 5 in Conjurations
   826 | D:2      | Reached XP level 3. HP: 19/19 MP: 6/9
  1253 | D:2      | Reached skill level 6 in Conjurations
  1334 | D:2      | Found a stormy altar of Qazlal.
  1449 | D:2      | Learned a level 2 spell: Searing Ray
  1497 | D:2      | Reached XP level 4. HP: 13/24 MP: 5/10
  1851 | D:3      | HP: 1/24 [gnoll/flail (6)]
  1852 | D:3      | Reached skill level 7 in Conjurations
  1852 | D:3      | Reached XP level 5. HP: 1/28 MP: 3/11
  1870 | D:3      | Slain by a gnoll

Vault maps used:
D:1:      minmay_arrival_radiant_lines
D:2:      lemuel_round_altar
D:3:      nicolae_overflow_quartered_altars, led_sif_book

Action                   |  1- 3 |  4- 6 || total
-------------------------+-------+-------++-------
Melee: Unarmed           |    12 |       ||    12
 Cast: Magic Dart        |    78 |    15 ||    93
       Searing Ray       |       |     5 ||     5
  Use: Potion            |       |     1 ||     1
  Eat: Chunk             |     2 |     1 ||     3
